 Dungeon Crawl Stone Soup version 0.28-a0-586-gbdb9d174a4 (webtiles) character file.

Game seed: 3930932340753767754

5000 bcfek the Covert (level 10, -13/44 HPs)
             Began as a Spriggan Enchanter on Oct 3, 2021.
             Was a Follower of Dithmenos.
             Mangled by a minotaur (34 damage)
             ... in a Gauntlet.
             The game lasted 00:29:24 (11526 turns).

bcfek the Covert (Spriggan Enchanter)              Turns: 11526, Time: 00:29:25

Health: -13/44     AC: 11    Str: 10    XL:     10   Next: 29%
Magic:  17/25      EV: 18    Int: 18    God:    Dithmenos [*.....]
Gold:   443        SH:  0    Dex: 20    Spells: 17/30 levels left

rFire   . . .      SeeInvis +   i - +5 short sword (elec)
rCold   + . .      Faith    .   (shield restricted)
rNeg    . . .      Spirit   .   m - +2 robe {rC+}
rPois   .          Reflect  .   (helmet restricted)
rElec   .          Harm     .   r - +2 cloak
rCorr   .          Rampage  .   (gloves unavailable)
Will    +....      NoTele   +   (boots unavailable)
Stlth   ++++++++..              (no amulet)
HPRegen 0.14/turn               q - +6 ring of strength
MPRegen 0.19/turn               g - +4 ring of protection

@: brilliant, very slightly contaminated, hasted, wreathed by umbra, invisible,
very quick
A: very small, no large weapons, unfitting armour, see invisible, speed 3, horns
1, thin skeletal structure 1
a: Renounce Religion


You were in a Gauntlet.
You worshipped Dithmenos.
Dithmenos was aware of your devotion.
You visited 2 branches of the dungeon, and saw 10 of its levels.
You also visited: Gauntlet.

You collected 443 gold pieces.

Inventory:

Hand Weapons
 i - a +5 short sword of electrocution (weapon)
Missiles
 a - a throwing net
 s - 23 poisoned darts (quivered)
Armour
 k - the +1 hat of the Trombone {-Cast Harm rN+ Dex+5}
   (You found it in a Gauntlet)

   Dex:       It affects your dexterity (+5).
   rN:        It protects you from negative energy.
   -Cast:     It prevents spellcasting.
   Harm:      It increases damage dealt and taken.
 m - a +2 robe of cold resistance (worn)
 r - a +2 cloak (worn)
 B - +0 steam dragon scales
Jewellery
 d - a ring of resist corrosion
 g - a +4 ring of protection (right hand)
 o - a ring of magical power
 q - a +6 ring of strength (left hand)
 x - a ring of ice
Scrolls
 e - 2 scrolls of teleportation
 f - 2 scrolls of silence
 p - a scroll of immolation
 v - 4 scrolls of identify
 y - 3 scrolls of blinking
 z - 3 scrolls of magic mapping
Potions
 h - 4 potions of curing
 j - 5 potions of flight
 l - 2 potions of cancellation
 n - 2 potions of might
 w - a potion of attraction
 A - a potion of mutation


   Skills:
 + Level 0.3 Fighting
 + Level 1.3 Short Blades
 + Level 2.8 Dodging
 + Level 13.7 Stealth
 + Level 10.9 Spellcasting
 + Level 11.2 Hexes


You had 17 spell levels left.
You knew the following spells:

 Your Spells              Type           Power      Damage    Failure   Level
a - Ensorcelled Hibernat  Hex/Ice        90%        N/A       1%          2
b - Dazzling Flash        Conj/Hex       90%        N/A       2%          3
c - Blink                 Tloc           N/A        N/A       11%         2
d - Tukima's Dance        Hex            66%        N/A       1%          3
e - Confusing Touch       Hex            66%        N/A       1%          3

Your spell library contained the following spells:

 Spells                   Type           Power      Damage    Failure   Level
 Lesser Beckoning         Tloc           14%        N/A       22%         3
 Summon Lightning Spire   Summ/Air       14%        N/A       58%         4
 Manifold Assault         Tloc           14%        N/A       90%         5
 Storm Form               Tmut/Air       7%         N/A       100%        7
 Maxwell's Capacitive Co  Air            7%         ∞         100%        8


Dungeon Overview and Level Annotations

Branches:
Dungeon (11/15)            Temple (1/1) D:4         Gauntlet (1/1)
   Lair: D:8-11         Orc: D:9-12

Altars:
Ashenzari
Cheibriados
Dithmenos
Elyvilon
Fedhas
Gozag
Hepliaklqana
Kikubaaqudgha
Makhleb
Nemelex Xobeh
Okawaru
Qazlal
Ru
Sif Muna
Trog
Uskayaw
Vehumet
Xom
Yredelemnul
Zin
The Shining One

Annotations:
D:3 2 transporters, Burgietje's ghost, amateur MiFi
D:5 1 runed translucent door Gauntlet 12 transporters, exclusions: 2 obsidian statues and oklob plant


Innate Abilities, Weirdness & Mutations

You are very small and have problems with some larger weapons.
You are too small for most types of armour.
You have supernaturally acute eyesight. (SInv)
You cover ground extremely quickly. (Speed+++)
You have a pair of small horns on your head.
You have a somewhat thin skeletal structure. (Dex +2, Stealth+)


Message History

You feel a surge of power!
The minotaur resists with almost no effort.
Unknown command.
Casting: Tukima's Dance (safe; 1% risk of failure)
Confirm with . or Enter, or press ? or * to list all spells.
Aiming: Tukima's Dance (safe; 1% risk of failure)
Press: ? - help, Shift-Dir - straight line, f/p - minotaur
Aim: a minotaur, wielding a +0 glaive, wearing the +1 chain mail of the Tired Continents {Will++}, wearing a +6 ring of intelligence and quivering javelins (moderately wounded, chance to affect: 0%)
You feel a surge of power!
The minotaur resists with almost no effort.
Casting: Tukima's Dance (safe; 1% risk of failure)
Confirm with . or Enter, or press ? or * to list all spells.
Aiming: Tukima's Dance (safe; 1% risk of failure)
Press: ? - help, Shift-Dir - straight line, f/p - minotaur
Aim: a minotaur, wielding a +0 glaive, wearing the +1 chain mail of the Tired Continents {Will++}, wearing a +6 ring of intelligence and quivering javelins (moderately wounded, chance to affect: 0%)
You feel a surge of power!
The minotaur resists with almost no effort.
The minotaur misses you.
Unknown command.
Casting: Tukima's Dance (safe; 1% risk of failure)
Confirm with . or Enter, or press ? or * to list all spells.
Aiming: Ensorcelled Hibernation (safe; 1% risk of failure)
Press: ? - help, Shift-Dir - straight line, f/p - minotaur
Aim: a minotaur, wielding a +0 glaive, wearing the +1 chain mail of the Tired Continents {Will++}, wearing a +6 ring of intelligence and quivering javelins (moderately wounded, chance to affect: 0%)
You feel a surge of power!
The minotaur resists with almost no effort.
The minotaur hits you with a +0 glaive! The minotaur gores you!
There is an open door, spattered with blood here.
You are too injured to fight recklessly!
You are too injured to fight recklessly!
Unknown command.
You hit the minotaur but do no damage. Lightning courses through the minotaur!
The minotaur is moderately wounded.
Unknown command.
You hit the minotaur but do no damage.
You headbutt the minotaur, but do no damage.
The minotaur is moderately wounded.
The minotaur hits you with a +0 glaive!!
Ouch! That really hurt!
You die... #.# ##'### #.⌠..# ##...⌠+ '⌠... .ZZ

#H# #######@#######
#.............#
#.###.###.###.#
............#
#.###.###.###
#####.###.###.#####
#≈...............§# ###
####8..©.©.©.©.©.©..8####
### #8#
#8##≈...............≈##8#
#8#


You could see a minotaur and 2 minotaur zombies.

Vanquished Creatures
  A boulder beetle (D:11)
  Sigmund (D:2)
  A ynoxinul (Gauntlet)
  A small abomination (Gauntlet)
  2 wyverns
  An acid dragon (D:5)
  2 water moccasins (D:6)
  Duvessa (D:4)
  2 black bears
  An ice beast (D:4)
  3 ogres
  2 necrophages
  2 centaurs (D:8)
  A phantom (D:5)
  9 scorpions
  7 bullfrogs
  Dowan (D:4)
  A killer bee (D:5)
  3 wights (D:8)
  A centaur zombie (D:7)
  2 bullfrog skeletons
  2 hounds
  2 orc priests
  A centaur skeleton (D:6)
  Jessica (D:3)
  2 iguanas
  Natasha (twice) (D:3)
  A killer bee zombie (D:7)
  A hound zombie (D:5)
  A howler monkey zombie (D:5)
  Robin (D:3)
  7 adders
  10 gnolls
  A howler monkey skeleton (D:6)
  A shadow imp (D:6)
  2 white imps
  An adder zombie (D:5)
  3 worms
  3 dart slugs
  18 orcs
  A ball python (D:2)
  4 endoplasms
  6 giant cockroaches
  16 goblins
  14 hobgoblins
  A quokka (D:1)
  2 bats
  4 frilled lizards (D:1)
  7 kobolds
  A quokka skeleton (D:4)
  10 rats
  A spectral orc (D:3)
172 creatures vanquished.

Vanquished Creatures (collateral kills)
  Maggie (D:7)
  A scorpion (D:5)
  Crazy Yiuf (D:4)
  2 giant cockroaches (D:5)
5 creatures vanquished.

Vanquished Creatures (others)
  19 demonic plants (Gauntlet)
  8 fungi (D:8)
  3 plants (D:8)
30 creatures vanquished.

Grand Total: 207 creatures vanquished

Notes
Turn   | Place    | Note
-------+----------+-------------------------------------------
     0 | D:1      | bcfek the Spriggan Enchanter began the quest for the Orb.
     0 | D:1      | Reached XP level 1. HP: 9/9 MP: 5/5
   468 | D:1      | Reached skill level 5 in Stealth
   468 | D:1      | Reached XP level 2. HP: 5/13 MP: 6/6
   921 | D:1      | Found a faded altar of an unknown god.
  1827 | D:2      | Reached XP level 3. HP: 13/16 MP: 8/8
  3213 | D:2      | Noticed Sigmund
  3222 | D:2      | Killed Sigmund
  3223 | D:2      | Reached skill level 5 in Spellcasting
  3223 | D:2      | Reached skill level 5 in Hexes
  3223 | D:2      | Reached XP level 4. HP: 1/21 MP: 9/12
  3223 | D:2      | Reached XP level 5. HP: 1/24 MP: 9/13
  3659 | D:3      | Noticed Jessica
  3662 | D:3      | Killed Jessica
  3663 | D:3      | Reached skill level 6 in Stealth
  3700 | D:3      | Noticed Robin
  3719 | D:3      | Reached XP level 6. HP: 23/28 MP: 14/14
  3993 | D:3      | Killed Robin
  4005 | D:3      | Noticed Natasha
  4012 | D:3      | Killed Natasha
  4300 | D:3      | Found a transporter.
  4306 | D:3      | Noticed Burgietje's ghost (amateur MiFi)
  4344 | D:3      | Found a transporter.
  4663 | D:3      | Noticed Natasha
  4671 | D:3      | Killed Natasha
  4728 | D:3      | Found a basalt altar of Yredelemnul.
  4896 | D:4      | Reached skill level 7 in Stealth
  5066 | D:4      | Reached XP level 7. HP: 7/32 MP: 15/17
  5094 | D:4      | Found a staircase to the Ecumenical Temple.
  5105 | Temple   | Entered the Ecumenical Temple
  5421 | D:4      | Noticed Dowan
  5423 | D:4      | Noticed Duvessa
  5647 | D:4      | Killed Dowan
  5648 | D:4      | Reached skill level 8 in Stealth
  5733 | D:3      | Learned a level 2 spell: Ensorcelled Hibernation
  5737 | D:3      | Learned a level 3 spell: Dazzling Flash
  5740 | D:3      | Learned a level 2 spell: Blink
  5794 | D:4      | Killed Duvessa
  5988 | D:4      | Learned a level 3 spell: Tukima's Dance
  6291 | D:4      | Found a runed translucent door.
  6292 | D:4      | Noticed Crazy Yiuf
  6442 | D:4      | Killed Crazy Yiuf
  6487 | D:5      | Entered Level 5 of the Dungeon
  6546 | D:5      | Reached XP level 8. HP: 36/36 MP: 19/19
  6548 | D:5      | Found a hazy altar of Hepliaklqana.
  6568 | D:5      | Found a runed translucent door.
  6574 | D:5      | Found a runed translucent door.
  6583 | D:5      | Reached skill level 9 in Stealth
  6962 | D:5      | Reached skill level 10 in Stealth
  7025 | D:5      | Found a shadowy altar of Dithmenos.
  7126 | D:5      | Became a worshipper of Dithmenos the Shadowed
  7826 | D:6      | Reached XP level 9. HP: 39/39 MP: 22/22
  7881 | D:6      | Reached skill level 11 in Stealth
  8196 | D:6      | Learned a level 3 spell: Confusing Touch
  9079 | D:7      | Reached * piety under Dithmenos
  9102 | D:7      | Gained mutation: You have a somewhat thin skeletal
                  | structure. (Dex +2, Stealth+) [potion of mutation]
  9102 | D:7      | Gained mutation: You have a pair of small horns on your
                  | head. [potion of mutation]
  9210 | D:7      | Reached skill level 12 in Stealth
  9289 | D:7      | Reached skill level 10 in Hexes
  9489 | D:7      | Noticed Maggie
  9499 | D:7      | Killed Maggie
  9500 | D:7      | Reached skill level 10 in Spellcasting
 10015 | D:8      | Reached skill level 13 in Stealth
 10018 | D:8      | Reached XP level 10. HP: 11/44 MP: 17/25
 10447 | D:8      | You fall into a shaft and drop 3 floors!
 10457 | D:11     | Found a gate leading to a gauntlet.
 10460 | D:11     | Noticed a boulder beetle
 10477 | D:11     | Killed a boulder beetle
 10485 | Gauntlet | Entered a Gauntlet
 10485 | Gauntlet | Found a transporter.
 10639 | Gauntlet | Found a transporter.
 10649 | Gauntlet | Found a transporter.
 10654 | Gauntlet | Found a transporter.
 10655 | Gauntlet | Noticed a sixfirhy
 10660 | Gauntlet | Noticed a sixfirhy
 10674 | Gauntlet | Found a transporter.
 10678 | Gauntlet | Noticed a sixfirhy
 10688 | Gauntlet | Found a transporter.
 10688 | Gauntlet | Noticed an obsidian statue
 10700 | Gauntlet | Found a transporter.
 10703 | Gauntlet | Noticed a wretched star
 10710 | Gauntlet | Found the +3 pair of seven-league boots {Rampage+∞}
 10712 | Gauntlet | Found a transporter.
 10712 | Gauntlet | Noticed an obsidian statue
 10720 | Gauntlet | Noticed an orange demon
 10724 | Gauntlet | Found a transporter.
 10729 | Gauntlet | Noticed a green death
 10736 | Gauntlet | Found a transporter.
 10739 | Gauntlet | Noticed an orange demon
 10739 | Gauntlet | Noticed a fire crab
 10742 | Gauntlet | Found a transporter.
 10742 | Gauntlet | Found a transporter.
 10781 | Gauntlet | Found a transporter.
 10782 | Gauntlet | Noticed an oklob plant
 10806 | Gauntlet | Found a transporter.
 10808 | Gauntlet | Found a transporter.
 10828 | Gauntlet | Found a transporter.
 10906 | Gauntlet | Found a transporter.
 10928 | Gauntlet | Found a transporter.
 11409 | Gauntlet | Identified the +1 hat of the Trombone {-Cast Harm rN+
                  | Dex+5}
 11513 | Gauntlet | Identified the +1 chain mail of the Tired Continents
                  | {Will++}
 11513 | Gauntlet | Noticed a minotaur
 11526 | Gauntlet | Mangled by a minotaur

Illustrated notes

Levels and vault maps discovered:
D:1:      roderic_lyre, layout_loops_ring,
          chequers_ecumenical_altar_simple_redux
D:2:      layout_rooms, uniq_sigmund
D:3:      layout_basic, yredelemnul_forgotten_temple_becter,
          gammafunk_ghost_stat_death, hangedman_abyss_or_decor_lesser_grid,
          uniq_natasha, uniq_robin, uniq_jessica
D:4:      layout_cave_pools, minmay_temple_entry_ruins,
          kennysheep_generic_room_5, uniq_duvessa, uniq_crazy_yiuf_cottage
D:5:      lemuel_insect_pit, layout_loops_ring, mainiacjoe_overflow_boulevard,
          grunt_dithmenos_shadows
D:6:      layout_gridville, due_unseen_surprise
D:7:      layout_basic, minivault_5, grunt_ministairs_14, uniq_maggie
D:8:      layout_cave_pools, grunt_lair_entry_orc_guard_hut
D:11:     layout_basic, serial_rivers, chequers_serial_rivers_micro_a,
          chequers_serial_rivers_micro_d, chequers_serial_rivers_micro_b,
          chequers_serial_rivers_marsh, chequers_serial_rivers_small_b,
          gauntlet_entry_generic, minmay_microvault, uniq_sonja
Temple:   nicolae_temple_no_exploring_needed
Gauntlet: gammafunk_gauntlet_one_two_three [gammafunk_gauntlet_arena_hedges,
          nicolae_gauntlet_arena_x, gammafunk_gauntlet_arena_split_x,
          gammafunk_gauntlet_arena_teeth, gammafunk_gauntlet_arena_mazey,
          gammafunk_gauntlet_arena_corners, nicolae_gauntlet_swirl,
          gammafunk_gauntlet_arena_grid, gammafunk_gauntlet_arena_chambers,
          gauntlet_exit_hidden_loot]

Skill      XL: |  1  2  3  4  5  6  7  8  9 10 |
---------------+-------------------------------+-----
Stealth        | 5 6 7 8 10 13 | 13.7
Spellcasting   | 5 6 7 8 10 | 10.9
Hexes          | 5 6 7 9 10 11 | 11.2
Fighting       | |  0.3
Short Blades   | |  1.3
Dodging        | |  2.8

Action                   |  1- 3 |  4- 6 |  7- 9 | 10-12 || total
-------------------------+-------+-------+-------+-------++-------
Melee: Dagger            |   169 |       |       |       ||   169
       Short sword       |    28 |    99 |   270 |    27 ||   424
       Headbutt          |       |       |    11 |     7 ||    18
 Cast: Dazzling Flash    |       |       |     8 |     1 ||     9
       Tukima's Dance    |       |       |     3 |     4 ||     7
       Ensorcelled Hiber |       |       |     1 |     1 ||     2
       Confusing Touch   |       |       |     1 |       ||     1
Evoke: Wand              |       |     7 |     4 |     6 ||    17
  Use: Scroll            |     3 |     2 |    13 |     3 ||    21
       Potion            |       |       |     2 |     3 ||     5
 Stab: Sleeping          |    13 |     9 |    18 |     1 ||    41
       Distracted        |     1 |       |     1 |       ||     2
       Invisible         |       |       |     2 |     2 ||     4
       Confused          |       |       |     1 |       ||     1
Armor: Robe              |    24 |    26 |    68 |    16 ||   134
Dodge: Dodged            |   127 |    79 |   257 |    92 ||   555

Table legend: (Time is in decaauts)
 A = Elapsed time spent in this place.
 B = Non-inter-level travel time spent in this place.
 C = Inter-level travel time spent in this place.
 D = Time resting spent in this place.
 E = Time spent auto-exploring this place.
 F = Levels seen in this place.
 G = Mean time per level.
                   A        B        C        D        E       F      G
               +--------+--------+--------+--------+--------+-----+--------+
         Total |   9226 |   9024 |    202 |   3006 |   4274 |  11 |  838.7 |
       Dungeon |   8172 |   7970 |    202 |   2453 |   3951 |   9 |  908.0 |
        Temple |    224 |    224 |      0 |    223 |      0 |   1 |  224.0 |
      Gauntlet |    829 |    829 |      0 |    330 |    322 |   1 |  829.0 |
               +--------+--------+--------+--------+--------+-----+--------+

Top non-repeatable levels by time:
     D:1: 1926 daAuts
     D:2: 1319 daAuts
     D:4: 1099 daAuts
     D:6: 1017 daAuts
     D:5: 992 daAuts
Gauntlet: 829 daAuts
     D:3: 740 daAuts
     D:7: 583 daAuts
     D:8: 465 daAuts
  Temple: 224 daAuts
    D:11: 26 daAuts
